 Dungeon Crawl Stone Soup version 0.22.0-40-g68aacdc (webtiles) character file.

102 inc the Conjurer (level 4, 0/30 HPs)
             Began as a Mummy Fire Elementalist on Sept 1, 2018.
             Killed from afar by an orc wizard (3 damage)
             ... with a puff of frost
             ... on level 3 of the Dungeon.
             The game lasted 00:03:41 (2338 turns).

inc the Conjurer (Mummy Fire Elementalist)          Turns: 2338, Time: 00:03:42

Health: 0/30       AC:  4    Str: 11    XL:     4   Next: 50%
Magic:  6/8        EV: 12    Int: 15    God:
Gold:   226        SH:  0    Dex: 12    Spells: 7/8 levels left

rFire    x . .     SeeInvis .   c - +0 whip
rCold    + . .     Gourm    .   (no shield)
rNeg     + + +     Faith    .   a - +0 robe
rPois    ∞         Spirit   .   g - +2 hat
rElec    .         Reflect  .   (no cloak)
rCorr    .         Harm     .   (no gloves)
MR       .....                  (no boots)
Stlth    ++........             (no amulet)
HPRegen  0.10/turn              e - +5 ring of slaying
MPRegen  0.11/turn              (no ring)

@: no status effects
A: no food or potions, fire vulnerability, cold resistance 1, negative energy
resistance 3, torment resistance, unbreathing
a: no special abilities


You were on level 3 of the Dungeon.
You were not hungry.

You visited 1 branch of the dungeon, and saw 3 of its levels.

You collected 226 gold pieces.

Inventory:

Hand Weapons
 c - a +0 whip (weapon)
 i - a +0 dagger
Armour
 a - a +0 robe (worn)
 d - a +0 leather armour
 g - a +2 hat (worn)
Jewellery
 e - a +5 ring of slaying (left hand)
Scrolls
 b - 3 scrolls of identify {unknown}
 f - 4 scrolls of remove curse {unknown}
 h - a scroll of blinking {unknown}
 j - a scroll of magic mapping {unknown}
 k - a scroll of amnesia {unknown}
 l - a scroll of noise {unknown}


   Skills:
 - Level 1.7 Dodging
 - Level 1.5 Stealth
 - Level 2.6 Spellcasting
 + Level 3.3 Conjurations
 + Level 2.6 Fire Magic


You had 7 spell levels left.
You knew the following spells:

 Your Spells              Type           Power        Failure   Level  Hunger
a - Flame Tongue          Conj/Fire      ##...        6%          1    N/A

Your spell library contained the following spells:

 Spells                   Type           Power        Failure   Level  Hunger
 Throw Flame              Conj/Fire      ##....       9%          2    N/A
 Conjure Flame            Conj/Fire      ##......     19%         3    N/A
 Inner Flame              Hex/Fire       #.......     34%         3    N/A
 Sticky Flame             Conj/Fire      ##......     52%         4    N/A
 Fireball                 Conj/Fire      ##........   86%         5    N/A

Dungeon Overview and Level Annotations

Branches:
Dungeon (3/15)

Altars:
Xom
Zin


Innate Abilities, Weirdness & Mutations

You do not eat or drink.
Your flesh is vulnerable to fire.
You are immune to poison.
Your flesh is cold resistant. (rC+)
You are immune to negative energy. (rN+++)
You are immune to unholy pain and torment.
You can survive without breathing.


Message History

Something hits you.
* * * LOW HITPOINT WARNING * * *
You see here 3 stones.
Something hits you.
* * * LOW HITPOINT WARNING * * *
Casting: Flame Tongue (safe; 6% risk of failure)
Confirm with . or Enter, or press ? or * to list all spells.
Aiming: Flame Tongue (safe; 6% risk of failure)
Press: ? - help, Shift-Dir - straight line The flame tongue hits something.
Something hits you.
* * * LOW HITPOINT WARNING * * *
Casting: Flame Tongue (safe; 6% risk of failure)
Confirm with . or Enter, or press ? or * to list all spells.
Aiming: Flame Tongue (safe; 6% risk of failure)
Press: ? - help, Shift-Dir - straight line The flame tongue hits something.
Something hits you but does no damage.
You hear some strange, mumbled words.
A puff of frost appears from out of thin air!
The puff of frost hits you! You resist.
You die...

....(..##.# #.# #.#...###
.......##.## #.# #.#.#.#
.......##..# #.# #.#.#.#
.......###.# #.# #.#.#.#
######## #.## #.# #.#.#.# ######
#..# #o# #.#.#.# .....# ##.# #(#
#.#.#.# ####.### #.## #{#
#.#.#.# .......# #..# #@#
#.#.#.# .......#
##.###!###'#<#.# .......#
#..##.....÷##.# .......#
##.##(........#
.......######..#......##########
.......#.......#...........^...#
..........._....(......#######.#
.........#####...#####.# #.#
.........#..A#...# #.# #.#


You could see an orc.

Vanquished Creatures
  6 adders
  A worm (D:2)
  2 dart slugs
  A leopard gecko (D:2)
  6 goblins
  4 hobgoblins
  3 jackals (D:1)
  2 quokkas (D:2)
  6 bats
  4 frilled lizards
  5 kobolds
  2 rats (D:3)
42 creatures vanquished.

Notes
Turn   | Place    | Note
-------+----------+-------------------------------------------
     0 | D:1      | inc the Mummy Fire Elementalist began the quest for the Orb.
     0 | D:1      | Reached XP level 1. HP: 13/13 MP: 4/4
   127 | D:1      | Reached skill level 1 in Conjurations
   313 | D:1      | Reached XP level 2. HP: 19/19 MP: 2/5
   589 | D:1      | Reached skill level 2 in Conjurations
  1067 | D:2      | Reached XP level 3. HP: 21/24 MP: 0/7
  1540 | D:2      | Reached skill level 3 in Conjurations
  1551 | D:2      | Reached XP level 4. HP: 22/30 MP: 1/8
  1942 | D:3      | Noticed an angel
  1944 | D:3      | Found a glowing silver altar of Zin.
  1944 | D:3      | Found a shimmering altar of Xom.
  2338 | D:3      | Killed from afar by an orc wizard

Skill      XL: |  1  2  3 |
---------------+----------+-----
Conjurations   | 1 2 3 |  3.3
Dodging        | |  1.7
Stealth        | |  1.5
Spellcasting   | |  2.6
Fire Magic     | |  2.6

Action                   |  1- 3 |  4- 6 || total
-------------------------+-------+-------++-------
Melee: Whip              |    19 |     3 ||    22
 Cast: Flame Tongue      |    58 |    23 ||    81
Armor: Robe              |    17 |     4 ||    21
Dodge: Dodged            |    46 |    17 ||    63
